 Dungeon Crawl Stone Soup version 0.25.0-9-g26727b6 (webtiles) character file.

Game seed: 2540957762952087627

52 shmeve the Skirmisher (level 3, 0/33 HPs)
             Began as a Minotaur Berserker on June 20, 2020.
             Was a Follower of Trog.
             Slain by a sky beast (1 damage)
             ... on level 2 of the Dungeon.
             The game lasted 00:01:36 (1069 turns).

shmeve the Skirmisher (Minotaur Berserker)          Turns: 1069, Time: 00:01:36

Health: 0/33       AC:  3    Str: 21    XL:     3   Next: 60%
Magic:  2/2        EV: 12    Int:  5    God:    Trog [*.....]
Gold:   69         SH:  0    Dex:  9    Spells: 2/2 levels left

rFire    . . .     SeeInvis .   a - +0 hand axe
rCold    . . .     Gourm    .   (no shield)
rNeg     . . .     Faith    .   b - +0 animal skin
rPois    .         Spirit   .   (helmet restricted)
rElec    .         Reflect  .   (no cloak)
rCorr    .         Harm     .   g - +0 pair of gloves
MR       .....                  (no boots)
Stlth    +.........             (no amulet)
HPRegen  0.11/turn              (no ring)
MPRegen  0.08/turn              (no ring)

@: no status effects
A: retaliatory headbutt, horns 2
a: Berserk, Renounce Religion


You were on level 2 of the Dungeon.
You worshipped Trog.
Trog was aware of your devotion.
You were not hungry.

You visited 1 branch of the dungeon, and saw 2 of its levels.

You collected 69 gold pieces.

Inventory:

Hand Weapons
 a - a +0 hand axe (weapon)
Armour
 b - a +0 animal skin (worn)
 g - a +0 pair of gloves (worn)
Scrolls
 e - a scroll of magic mapping {unknown}
 h - a scroll of enchant weapon {unknown}
 i - a scroll of remove curse {unknown}
 l - a scroll of enchant armour {unknown}
Potions
 d - 2 potions of berserk rage {unknown}
 f - 3 potions of curing {unknown}
 j - a potion of degeneration {unknown}
 m - a potion of stabbing {unknown}
Comestibles
 c - 4 rations
 k - 7 chunks of flesh


   Skills:
 * Level 4.3 Fighting
 * Level 4.2 Axes
 + Level 0.9 Throwing
 + Level 2.9 Armour
 + Level 2.6 Dodging


You had 2 spell levels left.
You didn't know any spells.
Your spell library was empty.

Dungeon Overview and Level Annotations

Branches:
Dungeon (2/15)

Altars:
Sif Muna


Innate Abilities, Weirdness & Mutations

You reflexively headbutt those who attack you in melee.
You have a pair of horns on your head.


Message History

The sky beast closely misses you.
You barely miss the sky beast.
The sky beast is heavily wounded.
The sky beast closely misses you. You furiously retaliate!
You headbutt the sky beast! You miss the sky beast.
The sky beast is severely wounded.
The sky beast hits you. The sky beast shocks you.
You hit the sky beast.
The sky beast is almost dead.
The sky beast hits you.
* * * LOW HITPOINT WARNING * * *
The sky beast shocks you.
* * * LOW HITPOINT WARNING * * *
You barely miss the sky beast. Your headbutt misses the sky beast.
The sky beast is severely wounded.
The sky beast flickers out of sight!
Deactivating autopickup; reactivate with Ctrl-A.
Something hits you.
You die...

#...# .... # #.#.#
########.# # #..<# ..#.#
# ##### #####.#.#
########## #
....#.#.#####........# #
.................>...###
##..#......##...........
.......{...#............
.<>....@...#.#######.)รท#
...........#...# ###.#
.#..#......###.# #.# #.
#.###### #.#######.# #.
#.##....#.# #.
#.......... #
#######..####.
.........##...
########.#....


There were no monsters in sight!

Vanquished Creatures
  A quasit (D:2)
  2 dart slugs (D:1)
  A leopard gecko (D:2)
  3 goblins (D:2)
  3 hobgoblins
  5 bats
  2 frilled lizards
  A rat (D:2)
18 creatures vanquished.

Notes
Turn   | Place    | Note
-------+----------+-------------------------------------------
     0 | D:1      | shmeve the Minotaur Berserker began the quest for the Orb.
     0 | D:1      | Reached XP level 1. HP: 19/19 MP: 0/0
   277 | D:1      | Reached XP level 2. HP: 27/27 MP: 1/1
   763 | D:2      | Found a shimmering blue altar of Sif Muna.
   991 | D:2      | Reached XP level 3. HP: 33/33 MP: 2/2
  1058 | D:2      | Noticed a sky beast
  1068 | D:2      | HP: 1/33 [sky beast (5)]
  1069 | D:2      | Slain by a sky beast

Illustrated notes

Levels and vault maps discovered:
D:1:      nzn_arrival_depleted_hourglass, layout_rooms, serial_forest,
          infiniplex_forest_clump_tiny, infiniplex_forest_fountain,
          infiniplex_forest_straight_2, infiniplex_forest_zigzag_1,
          infiniplex_forest_straight_2
D:2:      layout_basic, old_standard_altar, ashenzari_altar_1,
          minmay_pentomino_t4

Skill      XL: |  1  2 |
---------------+-------+-----
Fighting       | 4 |  4.3
Axes           | 4 |  4.2
Throwing       | |  0.9
Armour         | |  2.9
Dodging        | |  2.6

Action                   || total
-------------------------++-------
Melee: Hand axe          ||    39
       Headbutt          ||     7
Invok: Berserk           ||     1
  Eat: Chunk             ||     1
Armor: Animal skin       ||    14
Dodge: Dodged            ||    39
